 Dungeon Crawl Stone Soup version 0.27-a0-1071-ga85bd9520d (webtiles) character file.

Game seed: 4750542619922634188

2541 leviel the Cleaver (level 9, -2/75 HPs)
             Began as a Hill Orc Fighter on Apr 24, 2021.
             Was a Priest of Okawaru.
             Slain by a yak (11 damage)
             ... on level 8 of the Dungeon.
             The game lasted 00:08:38 (7902 turns).

leviel the Cleaver (Hill Orc Fighter)               Turns: 7902, Time: 00:08:39

Health: -2/75      AC: 10    Str: 22    XL:     9   Next: 55%
Magic:  7/9        EV: 11    Int:  8    God:    Okawaru [***...]
Gold:   432        SH: 12    Dex: 10    Spells: 8/8 levels left

rFire    . . .     SeeInvis .   a - +0 war axe
rCold    . . .     Faith    .   c - +0 kite shield
rNeg     . . .     Spirit   .   b - +0 scale mail
rPois    .         Reflect  .   (no helmet)
rElec    .         Harm     .   (no cloak)
rCorr    +         Rampage  .   f - +0 pair of gloves
Will     .....                  (no boots)
Stlth    +.........             (no amulet)
HPRegen  0.22/turn              g - ring of resist corrosion
MPRegen  0.11/turn              (no ring)

@: mighty, heroic
A: no striking features
a: Renounce Religion, Heroism


You were on level 8 of the Dungeon.
You worshipped Okawaru.
Okawaru was most pleased with you.
You visited 2 branches of the dungeon, and saw 9 of its levels.

You collected 432 gold pieces.

Inventory:

Hand Weapons
 a - a +0 war axe (weapon)
Armour
 b - a +0 scale mail (worn)
 c - a +0 kite shield (worn)
 f - a +0 pair of gloves (worn)
Jewellery
 d - a ring of protection from fire
 g - a ring of resist corrosion (left hand)
 h - a ring of flight
Wands
 p - a wand of acid (10)
 r - a wand of charming (6)
Scrolls
 e - a scroll of blinking
 i - a scroll of fog
 l - 2 scrolls of amnesia {unknown}
 m - a scroll of enchant armour {unknown}
 o - 4 scrolls of identify {unknown}
 q - a scroll of magic mapping {unknown}
 s - a scroll of immolation {unknown}
 t - a scroll of acquirement {unknown}
 v - a scroll of teleportation {unknown}
 y - a scroll of brand weapon {unknown}
Potions
 k - a potion of ambrosia {unknown}
 n - a potion of flight {unknown}
 u - 2 potions of curing {unknown}
 w - a potion of haste {unknown}
 x - a potion of attraction {unknown}


   Skills:
 + Level 5.9(10.9) Fighting
 * Level 10.9(15.9) Axes
 + Level 0.1(5.1) Throwing
 + Level 6.0(11.0) Armour
 + Level 2.3(7.3) Dodging
 + Level 0.6(5.6) Stealth
 + Level 6.6(11.6) Shields
 * Level 3.8 Evocations


You had 8 spell levels left.
You didn't know any spells.
Your spell library was empty.

Dungeon Overview and Level Annotations

Branches:
Dungeon (8/15)             Temple (1/1) D:6
   Lair: D:8-11

Altars:
Ashenzari
Elyvilon
Fedhas
Gozag
Hepliaklqana
Kikubaaqudgha
Makhleb
Nemelex Xobeh
Okawaru
Qazlal
Ru
Sif Muna
Trog
Uskayaw
Vehumet
Wu Jian
Xom
Yredelemnul
Zin
The Shining One

Annotations:
D:5 1 runed translucent door, scottley's ghost, novice SpBr


Message History

You kill the yak!
Okawaru is honoured by your kill.
Your Armour skill increases to level 6!
You barely miss the yak. The yak gores you but does no damage.
You closely miss the yak. The yak gores you but does no damage.
You barely miss the yak. The yak gores you.
* * * LOW HITPOINT WARNING * * *
You slash the yak!
The yak is moderately wounded.
The yak gores you.
* * * LOW HITPOINT WARNING * * *
The yak closely misses you.
You closely miss the yak.
The yak is lightly wounded.
The yak gores you but does no damage.
You hit the yak but do no damage.
The yak is lightly wounded.
The yak gores you!
* * * LOW HITPOINT WARNING * * *
You slash the yak!
The yak is severely wounded.
The yak gores you but does no damage.
You completely miss the yak.
The yak is severely wounded.
The yak gores you but does no damage.
You slash the yak!
You kill the yak!
Okawaru accepts your kill.
You closely miss the yak. You block the yak's attack.
You feel very mighty all of a sudden. You block the yak's attack.
You gain the combat prowess of a mighty hero.
You block the yak's attack.
You slice the yak!!
The yak is severely wounded.
The yak gores you but does no damage.
You slash the yak!
The yak is almost dead.
The yak gores you!
You die...

### #.#### ##
#.##@# ..#
#..#Y# #..#
##...Y### ..#
#..# #.......#
..#
#?.####....####
.#
#..##....##..
.# #..........#
# ##.........##
# #.....#...##


You could see 2 yaks.

Vanquished Creatures
  Eustachio (D:5)
  4 yaks (D:8)
  A steam dragon (D:6)
  Edmund (D:5)
  2 water moccasins (D:6)
  2 sky beasts (D:8)
  An orc warrior (D:7)
  A black bear (D:4)
  4 ice beasts
  A bullfrog (D:7)
  A water moccasin zombie (D:5)
  A wyvern skeleton (D:7)
  2 bullfrog zombies (D:6)
  A jelly (D:5)
  2 bullfrog skeletons
  2 orc priests
  2 centaur skeletons
  An iguana (D:5)
  2 orc wizards
  2 howler monkey skeletons (D:7)
  A gnoll (D:2)
  An adder (D:6)
  A shadow imp (D:7)
  A white imp (D:6)
  2 ufetubi
  An adder skeleton (D:4)
  A worm (D:2)
  2 dart slugs
  12 orcs
  5 ball pythons
  3 bats (D:1)
  5 endoplasms
  4 giant cockroaches
  4 goblins
  6 hobgoblins
  2 jackals (D:2)
  7 kobolds
  6 quokkas
  2 frilled lizards (D:1)
  4 rats
104 creatures vanquished.

Vanquished Creatures (others)
  13 plants
13 creatures vanquished.

Grand Total: 117 creatures vanquished

Notes
Turn   | Place    | Note
-------+----------+-------------------------------------------
     0 | D:1      | leviel the Hill Orc Fighter began the quest for the Orb.
     0 | D:1      | Reached XP level 1. HP: 19/19 MP: 1/1
    40 | D:1      | Reached skill level 3 in Axes
    40 | D:1      | Reached XP level 2. HP: 24/27 MP: 2/2
   673 | D:1      | Reached XP level 3. HP: 33/33 MP: 3/3
  1157 | D:2      | Reached skill level 4 in Axes
  1665 | D:3      | Reached XP level 4. HP: 40/40 MP: 4/4
  1675 | D:3      | Found a shimmering blue altar of Sif Muna.
  1690 | D:3      | Found an opulent altar of Gozag.
  1785 | D:3      | You fall into a shaft and drop 1 floor!
  2033 | D:4      | Found an iron altar of Okawaru.
  2071 | D:4      | Found an ornate altar of the Wu Jian Council.
  2073 | D:4      | Became a worshipper of Warmaster Okawaru
  2133 | D:4      | Noticed Edmund
  2155 | D:5      | Entered Level 5 of the Dungeon
  2345 | D:5      | Noticed an ice beast
  2364 | D:5      | Killed an ice beast
  2365 | D:5      | Reached skill level 5 in Axes
  2365 | D:5      | Reached XP level 5. HP: 33/46 MP: 5/5
  2561 | D:5      | Reached skill level 6 in Axes
  2561 | D:5      | Reached XP level 6. HP: 41/52 MP: 6/6
  2643 | D:5      | Reached skill level 1 in Dodging
  2651 | D:5      | Reached * piety under Okawaru
  2652 | D:5      | Reached skill level 5 in Shields
  3175 | D:5      | Found a runed translucent door.
  3186 | D:5      | Noticed Eustachio
  3192 | D:5      | Noticed an ice beast
  3195 | D:5      | Noticed an ice beast
  3205 | D:5      | Killed an ice beast
  3206 | D:5      | Reached XP level 7. HP: 17/60 MP: 7/7
  3220 | D:5      | Reached skill level 7 in Axes
  3220 | D:5      | Reached skill level 1 in Evocations
  3268 | D:5      | HP: 2/60 [Eustachio/+0 rapier (7)]
  3270 | D:5      | Killed Eustachio
  3270 | D:5      | Reached ** piety under Okawaru
  3874 | D:5      | Noticed scottley's ghost (novice SpBr)
  4051 | D:5      | Killed Edmund
  4323 | D:4      | Reached XP level 8. HP: 62/67 MP: 8/8
  4399 | D:4      | Reached skill level 8 in Axes
  4758 | D:6      | Reached skill level 5 in Armour
  5305 | D:6      | Reached skill level 9 in Axes
  5661 | D:6      | Found a staircase to the Ecumenical Temple.
  5729 | D:6      | Reached skill level 5 in Fighting
  6366 | Temple   | Entered the Ecumenical Temple
  6624 | D:6      | Reached *** piety under Okawaru
  6897 | D:7      | Reached XP level 9. HP: 30/74 MP: 9/9
  7278 | D:7      | Noticed a purple very ugly thing
  7288 | D:7      | Noticed a green ugly thing
  7288 | D:7      | Noticed a yaktaur
  7639 | D:8      | Reached skill level 10 in Axes
  7883 | D:8      | Received a gift from Okawaru
  7902 | D:8      | Slain by a yak

Illustrated notes

Levels and vault maps discovered:
D:1:      minmay_arrival_stone_box, layout_loops_ring
D:2:      layout_loops_ring, cheibrodos_gnoll_hut
D:3:      layout_basic, jmf_multi_god_temple, chequers_ecumenical_altar_island,
          dk_noncrumbling_4, kennysheep_pointless_box, columned_hall_lemuel,
          st_stairs_4, minmay_quadrilaterals
D:4:      layout_rooms, grunt_temple_overflow_open, uniq_edmund
D:5:      layout_loops_ring, ebering_ghost_sewer_d,
          minmay_misc_feat_secret_circle, uniq_eustachio
D:6:      layout_loops_cross, minmay_temple_entry_ruins, minmay_fountain_box,
          serial_bayou_pond_e
D:7:      nzn_winding_woodlands_large [nzn_winding_woodlands_5x5_checkerboard,
          nzn_winding_woodlands_5x15_pool,
          nzn_winding_woodlands_5x5_closed_star,
          nzn_winding_woodlands_center_garden,
          nzn_winding_woodlands_15x15_eel_pit,
          nzn_winding_woodlands_center_pierced_h,
          nzn_winding_woodlands_5x5_default, nzn_winding_woodlands_5x15_default,
          nzn_winding_woodlands_5x5_perimeter], layout_gridville,
          gammafunk_ghost_hive
D:8:      layout_layer_cave, kennysheep_mini, enter_bailey_5
Temple:   lightli_temple_of_artemis

Skill      XL: |  1  2  3  4  5  6  7  8  9 |
---------------+----------------------------+-----
Axes           | 3 4 5 6 7 9 10 | 10.9
Shields        | 4 5 6 |  6.6
Fighting       | 4 5 |  5.9
Dodging        | 1 2 |  2.3
Armour         | 4 5 6 |  6.0
Evocations     | 1 3 |  3.8
Throwing       | |  0.1
Stealth        | |  0.6

Action                   |  1- 3 |  4- 6 |  7- 9 || total
-------------------------+-------+-------+-------++-------
Melee: War axe           |   148 |   118 |   248 ||   514
Throw: Throwing net      |       |     2 |       ||     2
Invok: Heroism           |       |       |     2 ||     2
Evoke: Wand              |       |       |     1 ||     1
  Use: Potion            |       |     2 |     8 ||    10
       Scroll            |       |     1 |     1 ||     2
Armor: Scale mail        |    69 |    73 |    94 ||   236
Dodge: Dodged            |    57 |    50 |    72 ||   179
Block: Kite shield       |    86 |    83 |   132 ||   301

Table legend: (Time is in decaauts)
 A = Elapsed time spent in this place.
 B = Non-inter-level travel time spent in this place.
 C = Inter-level travel time spent in this place.
 D = Time resting spent in this place.
 E = Time spent auto-exploring this place.
 F = Levels seen in this place.
 G = Mean time per level.
                   A        B        C        D        E       F      G
               +--------+--------+--------+--------+--------+-----+--------+
         Total |   8096 |   7820 |    276 |   2293 |   4396 |   9 |  899.6 |
       Dungeon |   7977 |   7720 |    257 |   2293 |   4296 |   8 |  997.1 |
        Temple |    118 |    100 |     18 |      0 |    100 |   1 |  118.0 |
               +--------+--------+--------+--------+--------+-----+--------+

Top non-repeatable levels by time:
     D:5: 2547 daAuts
     D:6: 1635 daAuts
     D:1: 1040 daAuts
     D:4: 778 daAuts
     D:2: 662 daAuts
     D:8: 600 daAuts
     D:7: 544 daAuts
     D:3: 166 daAuts
  Temple: 118 daAuts
